 Dungeon Crawl Stone Soup version 0.19.1 (webtiles) character file.

87847 nikopol the Severer (level 15, -3/136 HPs)
             Began as a Minotaur Berserker on Dec 10, 2016.
             Was the Champion of Trog.
             Slain by a meliai (shapeshifter) (4 damage)
             ... on level 15 of the Dungeon.
             The game lasted 01:35:25 (25237 turns).

nikopol the Severer (Minotaur Berserker)           Turns: 25237, Time: 01:35:25

Health: -3/136     AC: 32    Str: 23    XL:     15   Next: 44%
Magic:  14/14      EV: 13    Int:  6    God:    Trog [******]
Gold:   958        SH:  0    Dex: 14    Spells: 0 memorised, 14 levels left

rFire  + . .     SeeInvis .     a - +4 battleaxe (chop)
rCold  + . .     Gourm    +     s - +6 plate armour of the Dolphin {rElec Str+2}
rNeg   + . .     Faith    .     (shield currently unavailable)
rPois  .         Spirit   .     T - +2 hat {MR+}
rElec  +         Reflect  .     y - +1 cloak
rCorr  .         Harm     .     J - +1 pair of gloves of Pathos {rF+ Regen+ Int+2}
MR     +++..                    p - +2 pair of boots "Zoahar" {rC+ rN+ Str-3}
Stlth  ..........               d - amulet of the gourmand
                                b - ring of protection from magic
                                g - +3 ring of slaying

@: lethally poisoned (-3 -> -78), slowed, very slow
A: retaliatory headbutt, horns 2
a: Berserk, Trog's Hand, Brothers in Arms, Burn Spellbooks, Renounce Religion


You were on level 15 of the Dungeon.
You worshipped Trog.
Trog was exalted by your worship.
You were completely stuffed.

You visited 3 branches of the dungeon, and saw 23 of its levels.
You also visited: Ice Cave.

You collected 2216 gold pieces.
You spent 1258 gold pieces at shops.

Inventory:

Hand Weapons
 a - a +4 battleaxe of chopping (weapon)
 z - a +9 longbow of velocity
 B - a +2 antimagic executioner's axe
Missiles
 e - 427 arrows (quivered)
Armour
 p - the +2 pair of boots "Zoahar" (worn) {rC+ rN+ Str-3}
   (You acquired it on level 11 of the Dungeon)

   It affects your strength (-3).
   It protects you from cold.
   It protects you from negative energy.
 s - the +6 plate armour of the Dolphin (worn) {rElec Str+2}
   (You bought it in a shop on level 2 of the Orcish Mines)

   It affects your strength (+2).
   It insulates you from electricity.
 x - a +2 ring mail of magic resistance
 y - a +1 cloak (worn)
 J - the +1 pair of gloves of Pathos (worn) {rF+ Regen+ Int+2}
   (You found it on level 7 of the Dungeon)

   It affects your intelligence (+2).
   It protects you from fire.
   It increases your rate of regeneration.
 T - a +2 hat of magic resistance (worn)
Jewellery
 b - a ring of protection from magic (right hand)
 d - an amulet of the gourmand (around neck)
 g - a +3 ring of slaying (left hand)
 H - an uncursed ring of positive energy
 P - an uncursed ring of resist corrosion
 S - an uncursed ring of protection from cold
Wands
 o - a wand of disintegration (8/24)
 t - a wand of disintegration (13/24)
 A - a wand of confusion (24/48)
Scrolls
 f - 6 scrolls of recharging
 n - 3 scrolls of enchant armour
 q - 5 scrolls of remove curse
 r - 6 scrolls of fear
 u - a scroll of identify
 v - 6 scrolls of teleportation
 w - 4 scrolls of magic mapping
 W - a scroll of blinking
Potions
 h - 5 potions of cancellation
 j - 2 potions of flight
 k - 2 potions of invisibility
 l - 9 potions of curing
 E - 3 potions of agility
 F - 6 potions of brilliance
 G - 3 potions of might
 I - a potion of resistance
 L - 3 potions of magic
 M - a potion of heal wounds {unknown}
 Q - 3 potions of berserk rage
 R - 2 potions of ambrosia
 Z - 2 potions of cure mutation
Comestibles
 c - 12 bread rations
 i - 17 chunks of flesh
 m - 14 meat rations
 K - 4 slices of pizza
 O - 8 beef jerkies
 U - 45 fruits
 Y - 2 royal jellies


   Skills:
 + Level 13.4 Fighting
 * Level 17.2 Axes
 * Level 14.8 Bows
 + Level 13.1 Armour
 + Level 12.3 Dodging


You had 14 spell levels left.
You didn't know any spells.

Dungeon Overview and Level Annotations

Branches:
Dungeon (15/15)            Temple (0/1) D:4            Lair (6/6) D:11
  Swamp (0/4) Lair:2       Spider (0/4) Lair:4        Slime (0/5) Lair:5
    Orc (2/2) D:10            Elf (0/3) Orc:2        Vaults (0/5) D:13
 Depths: D:15

Altars:
Ashenzari
Elyvilon
Makhleb
Nemelex Xobeh
Qazlal
Beogh

Shops:
D:6 (   D:9 !   D:14 }   Orc:2 [[(!%

Annotations:
D:15 Sonja


Innate Abilities, Weirdness & Mutations

You reflexively headbutt those who attack you in melee.
You have a pair of horns on your head.


Message History

Sonja hits you but does no damage. x2
You are more poisoned.
Sonja hits you but does no damage.
You are more poisoned.
Sonja barely misses you. Sonja hits you but does no damage.
You are more poisoned.
You completely miss Sonja. Your headbutt misses Sonja.
Sonja is almost dead.
You hit the meliai.
* * * LOW HITPOINT WARNING * * *
You feel extremely sick. The meliai hits you but does no damage.
The meliai closely misses you. The meliai hits you.
* * * LOW HITPOINT WARNING * * *
The meliai closely misses you.
Sonja gestures wildly while chanting.
Sonja blinks!
The meliai hits you!
* * * LOW HITPOINT WARNING * * *
The meliai stings you.
You die...

##. ## ##### ## ##...## #.###
##.....## ##..## #.......# ###
#..... #.......##### #.(##
##.... ##...........##.?..###
#.... #....)....##.'@ยง(((((#
#.... #.........#####yK..#((
#.... #.........# #..### #..^.
#.........## ###.# ##...#
#.........)# ##...######....#
#.........## #.............##
#.........# #............###
##........######..............#
#.....)....)..............##.#


You could see Sonja and a meliai shaped shifter.

Vanquished Creatures
  Rupert (D:13)
  Frances (D:13)
  Gastronok (Lair:3)
  An ettin (Orc:2)
  2 hydras
  An ogre mage (D:15)
  Harold (D:10)
  A catoblepas (Lair:6)
  5 centaur warriors
  2 dancing weapons (D:13)
  A death knight (D:11)
  14 death yaks (Lair:6)
  A deep troll shaman (Lair:6)
  An orc high priest (Orc:2)
  2 skeletal warriors (D:11)
  2 unseen horrors (D:13)
  A wizard (D:13)
  An unseen horror (shapeshifter) (D:13)
  A hill giant (D:11)
  6 orc knights
  Pikel (D:5)
  A necromancer (IceCv)
  2 orc sorcerers
  10 ugly things
  2 cyclopes
  8 elephants (Lair:6)
  4 black mambas
  An ice statue (IceCv)
  2 gargoyles
  8 spiny frogs
  4 komodo dragons
  A demonic crawler (Lair:4)
  11 freezing wraiths
  A tengu conjurer (D:13)
  A polar bear (Lair:6)
  8 two-headed ogres
  A tyrant leech (Lair:2)
  5 trolls
  Grinder (D:5)
  4 slime creatures
  Prince Ribbit (D:7)
  22 blink frogs
  10 dream sheep (Lair:6)
  13 hippogriffs
  A vampire (D:13)
  A shadow (D:13)
  3 wyverns
  2 wraiths
  24 yaks
  A golden eye (shapeshifter) (Lair:4)
  The ghost of Scuka the Archer, an amateur CeHu (D:3)
  2 hungry ghosts
  A steam dragon (D:12)
  3 vampire mosquitoes (D:13)
  8 wargs
  7 water moccasins
  4 porcupines
  An eye of draining (D:12)
  A hornet zombie (D:14)
  9 ice beasts
  4 phantoms
  4 sky beasts
  3 necrophages (D:8)
  2 alligator simulacra (IceCv)
  A black bear (shapeshifter) (D:15)
  A black bear (Lair:6)
  44 orc warriors
  18 ogres
  A slave (D:5)
  5 wolves (Lair:6)
  7 centaurs
  12 crocodiles
  3 big kobolds
  Blork the orc (D:4)
  14 bullfrogs
  A water moccasin zombie (D:8)
  5 scorpions
  12 killer bees
  13 wights
  3 spriggan skeletons (D:13)
  4 howler monkeys
  An electric eel (Lair:3)
  2 bullfrog zombies
  3 crimson imps
  3 centaur zombies
  A draconian simulacrum (IceCv)
  2 jellies (D:6)
  2 quasits (D:11)
  9 hounds
  27 orc priests
  33 orc wizards
  2 bullfrog skeletons
  6 centaur skeletons
  Terence (D:3)
  7 iguanas
  2 spriggan simulacra (IceCv)
  A polar bear simulacrum (IceCv)
  13 worker ants
  8 troll simulacra (IceCv)
  A wolf simulacrum (IceCv)
  A killer bee zombie (D:9)
  3 centaur simulacra (IceCv)
  2 hound zombies
  2 hound skeletons
  7 adders
  3 naga simulacra (IceCv)
  2 shadow imps
  11 white imps (IceCv)
  2 oozes
  An adder skeleton (D:6)
  6 worms
  2 dart slugs
  6 leopard geckos
  116 orcs
  2 ball pythons
  4 giant cockroaches
  12 goblins
  11 hobgoblins
  7 jackals
  2 quokkas
  6 bats
  10 frilled lizards
  A giant cockroach zombie (D:6)
  A jackal skeleton (D:4)
  24 kobolds
  A quokka skeleton (D:3)
  A quokka zombie (D:8)
  6 rats
  8 fungi
  6 plants
785 creatures vanquished.

Vanquished Creatures (collateral kills)
  An orc warlord (Orc:2)
  2 death yaks (Lair:6)
  An orc sorcerer (Orc:2)
  A freezing wraith (IceCv)
  2 orc warriors (Orc:2)
  A draconian simulacrum (IceCv)
  3 orc priests (Orc:2)
  An orc wizard (Orc:2)
  A spriggan simulacrum (IceCv)
  A centaur simulacrum (IceCv)
  A white imp (IceCv)
  4 orcs (Orc:2)
19 creatures vanquished.

Vanquished Creatures (others)
  A hydra (Lair:5)
  A big kobold (D:12)
  An orc wizard (D:13)
  2 kobolds (D:12)
  3 fungi
  A plant (Lair:6)
9 creatures vanquished.

Grand Total: 813 creatures vanquished

Notes
Turn   | Place    | Note
-------+----------+-------------------------------------------
     0 | D:1      | nikopol the Minotaur Berserker began the quest for the Orb.
     0 | D:1      | Reached XP level 1. HP: 19/19 MP: 0/0
   205 | D:1      | Reached XP level 2. HP: 19/27 MP: 1/1
   708 | D:1      | Reached ** piety under Trog
  1067 | D:2      | Reached XP level 3. HP: 27/33 MP: 2/2
  1101 | D:2      | Reached skill level 4 in Axes
  1807 | D:3      | Noticed Terence
  1814 | D:3      | Killed Terence
  1814 | D:3      | Reached XP level 4. HP: 41/41 MP: 3/3
  2218 | D:3      | Noticed Scuka's ghost (amateur CeHu)
  2223 | D:3      | Killed Scuka's ghost
  2223 | D:3      | Reached skill level 5 in Fighting
  2223 | D:3      | Reached skill level 5 in Axes
  2223 | D:3      | Reached XP level 5. HP: 48/48 MP: 4/4
  2560 | D:4      | Found a staircase to the Ecumenical Temple.
  2568 | D:4      | Reached XP level 6. HP: 52/56 MP: 5/5
  3028 | D:4      | Reached *** piety under Trog
  3045 | D:4      | Reached skill level 5 in Armour
  3045 | D:4      | Reached XP level 7. HP: 62/62 MP: 6/6
  3156 | D:4      | Found a sparkling altar of Nemelex Xobeh.
  3278 | D:4      | Found a white marble altar of Elyvilon.
  3358 | D:4      | Noticed Blork the orc
  3366 | D:4      | Killed Blork the orc
  3438 | D:5      | Entered Level 5 of the Dungeon
  3481 | D:5      | Noticed Grinder
  3496 | D:5      | Paralysed by Grinder for 7 turns
  3504 | D:5      | Killed Grinder
  3504 | D:5      | Reached skill level 6 in Axes
  3504 | D:5      | Reached skill level 5 in Dodging
  3677 | D:5      | You fall through a shaft for 2 floors!
  3738 | D:7      | Reached XP level 8. HP: 71/71 MP: 7/7
  4144 | D:5      | Reached skill level 7 in Axes
  4144 | D:5      | Reached skill level 1 in Bows
  4487 | D:5      | Noticed Pikel
  4503 | D:5      | Killed Pikel
  4671 | D:6      | Reached XP level 9. HP: 75/79 MP: 8/8
  4741 | D:6      | Reached **** piety under Trog
  4744 | D:6      | Reached skill level 8 in Axes
  5111 | D:6      | Received a gift from Trog
  5134 | D:6      | Found Qiej's Weapon Shop.
  5656 | D:7      | Got a pair of jewelled gloves
  5662 | D:7      | Identified the +1 pair of gloves of Pathos {rF+ Regen+ Int+2} (You found it on level 7 of the Dungeon)
  5775 | D:7      | Noticed Prince Ribbit
  5783 | D:7      | Killed Prince Ribbit
  5783 | D:7      | Reached skill level 9 in Axes
  5783 | D:7      | Reached skill level 5 in Bows
  6139 | D:7      | Received a gift from Trog
  6598 | D:8      | Reached XP level 10. HP: 56/90 MP: 9/9
  6804 | D:8      | Found a stormy altar of Qazlal.
  7049 | D:8      | Found a burning altar of Makhleb.
  7050 | D:8      | Found a shattered altar of Ashenzari.
  7438 | D:8      | Reached skill level 10 in Axes
  7440 | D:8      | Found a white marble altar of Elyvilon.
  7915 | D:9      | Found Teol's Distillery.
  8009 | D:9      | Received a gift from Trog
  8367 | D:10     | Entered Level 10 of the Dungeon
  8468 | D:10     | Noticed Harold
  8489 | D:10     | Killed Harold
  8523 | D:10     | Found a staircase to the Orcish Mines.
  8851 | D:10     | Reached ***** piety under Trog
  9371 | D:11     | Noticed a hill giant
  9379 | D:11     | Killed a hill giant
  9379 | D:11     | Reached skill level 11 in Axes
  9379 | D:11     | Reached XP level 11. HP: 74/97 MP: 10/10
  9418 | D:11     | Identified 2 scrolls of acquirement
  9434 | D:11     | Got a pair of dazzling boots
  9441 | D:11     | Identified the +2 pair of boots "Zoahar" {rC+ rN+ Str-3} (You acquired it on level 11 of the Dungeon)
  9743 | D:11     | Found a staircase to the Lair.
  9756 | D:11     | Noticed a skeletal warrior
  9760 | D:11     | Noticed a skeletal warrior
  9769 | D:11     | Killed a skeletal warrior
  9780 | D:11     | Killed a skeletal warrior
  9823 | D:11     | Noticed a death knight
  9846 | D:11     | Killed a death knight
 10730 | D:12     | Noticed a purple ugly thing
 10739 | D:12     | Killed a purple ugly thing
 10762 | D:12     | Reached skill level 10 in Fighting
 10762 | D:12     | Reached skill level 12 in Axes
 11345 | D:12     | Received a gift from Trog
 11389 | D:12     | Reached skill level 10 in Bows
 11389 | D:12     | Reached skill level 10 in Armour
 11536 | D:12     | Noticed a purple ugly thing
 11550 | D:12     | Killed a purple ugly thing
 11550 | D:12     | Reached XP level 12. HP: 85/106 MP: 11/11
 11798 | D:13     | Found a gate to the Vaults.
 11799 | D:13     | Noticed Frances
 11812 | D:13     | Killed Frances
 11866 | D:13     | Found a frozen archway.
 11871 | D:13     | Noticed Rupert
 11875 | IceCv    | Entered an ice cave
 11893 | IceCv    | Reached skill level 13 in Axes
 12543 | IceCv    | Found an ancient bone altar of Kikubaaqudgha.
 12762 | IceCv    | Received a gift from Trog
 13134 | IceCv    | Got a polished hat
 13140 | IceCv    | Identified the +0 hat of the Sea {rElec Str-5 Dex+5} (You found it in an ice cave)
 13252 | D:13     | Killed Rupert
 13252 | D:13     | Reached skill level 10 in Dodging
 13630 | D:13     | Reached XP level 13. HP: 104/116 MP: 12/12
 13653 | D:13     | Reached skill level 14 in Axes
 13925 | D:13     | Reached ****** piety under Trog
 13925 | D:13     | Received a gift from Trog
 14703 | Lair:1   | Entered Level 1 of the Lair of Beasts
 16275 | Lair:2   | Found a staircase to the Swamp.
 16769 | Lair:3   | Noticed Gastronok
 16795 | Lair:3   | Killed Gastronok
 17145 | Lair:4   | Found a hole to the Spider Nest.
 17590 | Lair:4   | Reached skill level 15 in Axes
 17679 | Lair:4   | Received a gift from Trog
 18642 | Lair:5   | Reached XP level 14. HP: 126/126 MP: 13/13
 18717 | Lair:5   | Found a staircase to the Slime Pits.
 18917 | Lair:6   | Entered Level 6 of the Lair of Beasts
 19676 | Lair:6   | Received a gift from Trog
 19686 | Lair:6   | Got a pair of steaming gloves
 19697 | Lair:6   | Identified the +2 pair of gloves "Vuokh" {*Drain +Blink rF+} (You acquired it on level 6 of the Lair of Beasts)
 19725 | Lair:6   | Reached skill level 16 in Axes
 20960 | Orc:1    | Entered Level 1 of the Orcish Mines
 21061 | Orc:1    | Received a gift from Trog
 21293 | Orc:1    | Received a gift from Trog
 21866 | Orc:2    | Entered Level 2 of the Orcish Mines
 21929 | Orc:2    | Found a roughly hewn altar of Beogh.
 21981 | Orc:2    | Found a roughly hewn altar of Beogh.
 22028 | Orc:2    | Received a gift from Trog
 22151 | Orc:2    | Noticed an orc warlord
 22175 | Orc:2    | Received a gift from Trog
 22184 | Orc:2    | Killed an orc warlord
 22416 | Orc:2    | Reached XP level 15. HP: 100/135 MP: 14/14
 22575 | Orc:2    | Found Hyhamos's Antique Weapon Boutique.
 22576 | Orc:2    | Found a roughly hewn altar of Beogh.
 22578 | Orc:2    | Found Vuuduh's Antique Armour Shop.
 22637 | Orc:2    | Found a roughly hewn altar of Beogh.
 22935 | Orc:2    | Found a roughly hewn altar of Beogh.
 22938 | Orc:2    | Received a gift from Trog
 23213 | Orc:2    | Found a roughly hewn altar of Beogh.
 23224 | Orc:2    | Found Sizaqos's Armour Boutique.
 23622 | Orc:2    | Found a staircase to the Elven Halls.
 23632 | Orc:2    | Found Numuoh's Food Boutique.
 23667 | Orc:2    | Found a roughly hewn altar of Beogh.
 23688 | Orc:2    | Found Verphod's Distillery.
 23821 | Orc:2    | Bought a jewelled plate armour for 952 gold pieces
 23834 | Orc:2    | Identified the +6 plate armour of the Dolphin {rElec Str+2} (You bought it in a shop on level 2 of the Orcish Mines)
 23837 | Orc:2    | Bought a crude scale mail for 306 gold pieces
 23850 | Orc:2    | Identified the cursed +1 scale mail of Articulation {rC- MR++ Str+3} (You bought it in a shop on level 2 of the Orcish Mines)
 24014 | D:14     | Found Ofituif's Gadget Shoppe.
 24901 | D:14     | Reached skill level 17 in Axes
 24951 | D:15     | Entered Level 15 of the Dungeon
 24967 | D:15     | Received a gift from Trog
 25143 | D:15     | Received a gift from Trog
 25225 | D:15     | Noticed Sonja
 25237 | D:15     | HP: 1/136 [meliai (shapeshifter) (8)]
 25237 | D:15     | Slain by a meliai (shapeshifter)

Skill      XL: |  1  2  3  4  5  6  7  8  9 10 11 12 13 14 15 |
---------------+----------------------------------------------+-----
Armour         | 3 4 5 6 7 8 9 10 11 12 13 | 13.1
Axes           | 4 5 6 7 9 11 12 13 15 16 17 | 17.2
Fighting       | 4 5 6 7 8 9 10 11 12 13 | 13.4
Dodging        | 3 4 5 6 7 8 9 10 11 12 | 12.3
Bows           | 3 5 8 10 11 13 14 | 14.8

Action                   |  1- 3 |  4- 6 |  7- 9 | 10-12 | 13-15 || total
-------------------------+-------+-------+-------+-------+-------++-------
Melee: Hand axe          |    79 |    75 |   165 |    69 |       ||   388
       Headbutt          |     7 |    14 |    44 |   120 |   123 ||   308
       War axe           |       |       |       |   508 |    45 ||   553
       Shortbow          |       |       |       |     1 |       ||     1
       Battleaxe         |       |       |       |       |   445 ||   445
 Fire: Shortbow          |       |       |   168 |   382 |   726 ||  1276
       Longbow           |       |       |       |       |   214 ||   214
Invok: Berserk           |     1 |     1 |     1 |    10 |     1 ||    14
       Burn Spellbooks   |       |       |       |     1 |     4 ||     5
       Brothers in Arms  |       |       |       |     1 |     2 ||     3
       Trog's Hand       |       |       |       |     1 |       ||     1
  Use: Scroll            |       |       |       |    25 |    18 ||    43
  Eat: Chunk             |     3 |     4 |    22 |    35 |    47 ||   111
       Beef jerky        |       |     1 |       |       |       ||     1
       Bread ration      |       |       |     1 |       |       ||     1
Armor: Animal skin       |    11 |       |       |       |       ||    11
       Ring mail         |     5 |     9 |       |   184 |   163 ||   361
       Scale mail        |       |     4 |    63 |    75 |       ||   142
       Plate armour      |       |       |       |    74 |    48 ||   122
Dodge: Dodged            |    44 |    38 |   117 |   422 |   378 ||   999
